 Dungeon Crawl Stone Soup version 0.31.0-12-g77e489cdc1 (webtiles) character file.

Game seed: 8102424471543461912

130 Edyrem the Poker (level 5, -14/61 (63) HPs)
             Began as a Merfolk Berserker on Feb 27, 2024.
             Was a Believer of Trog.
             Demolished by an orc wizard
             ... wielding a +1 dagger of electrocution
              (17 damage)
             ... on level 3 of the Dungeon.
             The game lasted 00:03:44 (1696 turns).

Edyrem the Poker (Merfolk Berserker)                Turns: 1696, Time: 00:03:45

HP:   -14/61 (63)   AC:  7    Str: 19    XL:     5   Next: 14%
MP:   5/5           EV: 16    Int:  6    God:    Trog [**....]
Gold: 55            SH:  4    Dex: 14    Spells: 4/4 levels left

rFire   . . .        a - +0 spear
rCold   . . .        l - +0 buckler
rNeg    . . .        i - +0 scale mail
rPois   .            (no helmet)
rElec   .            h - +0 cloak
rCorr   .            (no gloves)
SInv    .            (no boots)
Will    .....        (no amulet) Stlth
                     f - +5 ring of evasion
HPRegen 0.30/turn    (no ring)
MPRegen 0.09/turn

%: no passive effects
@: berserking, lightly drained, very quick
A: (nimble swimmer 2), mertail
a: Renounce Religion, Berserk, Trog's Hand


You were on level 3 of the Dungeon.
You worshipped Trog.
Trog was pleased with you.
You visited 1 branch of the dungeon, and saw 3 of its levels.

You collected 55 gold pieces.

Inventory:

Hand Weapons
 a - a +0 spear (weapon)
Missiles
 j - 3 javelins (quivered)
Armour
 h - a +0 cloak (worn)
 i - a +0 scale mail (worn)
 l - a +0 buckler (worn)
Jewellery
 f - a +5 ring of evasion (left hand)
Scrolls
 b - a scroll of fear {unknown}
 d - 4 scrolls of identify {unknown}
 e - a scroll of fog {unknown}
 g - a scroll of blinking {unknown}
 k - a scroll of teleportation {unknown}
Potions
 c - 2 potions of curing {unknown}


   Skills:
 + Level 4.2 Fighting
 + Level 5.1 Polearms
 - Level 1.3 Armour
 + Level 4.1 Dodging
 + Level 2.0 Shields


You had 4 spell levels left.
You didn't know any spells.
Your spell library was empty.

Dungeon Overview and Level Annotations

Branches:
Dungeon (3/15)

Altars:
Trog


Innate Abilities, Weirdness & Mutations

((You are very nimble when in or above water. (Stealth+, EV+, Speed+++)))
Your lower body shifts to a powerful aquatic tail in water.


Message History

The orc completely misses you.
An orc wizard comes into view. It is wielding a +0 dagger.
Something hits you but does no damage.
A red film seems to cover your vision as you go berserk!
You feel yourself moving faster!
You feel mighty! You block the orc's attack. Something hits you.
* * * LOW HITPOINT WARNING * * *
You miss something. The orc hits you but does no damage.
The orc wizard gestures at you while chanting.
You resist with some effort.
You hear a shout!
You barely miss something. Something closely misses you.
You puncture something! The orc misses you.
Something hits you but does no damage.
You completely miss something. You miss something. You block the orc's attack.
An orc comes into view. It is wielding a +0 morningstar.
The orc wizard gestures wildly while chanting.
The orc wizard flickers and vanishes!
Something closely misses you.
You puncture the orc!
You kill the orc!
Trog accepts your kill.
You hit something. Something hits you.
* * * LOW HITPOINT WARNING * * *
You closely miss something. You miss something. The orc closely misses you.
Something hits you but does no damage.
You are electrocuted!
* * * LOW HITPOINT WARNING * * *
You barely miss the orc. You completely miss the orc.
Something hits you but does no damage.
You hit the orc.
The orc is moderately wounded.
The orc barely misses you. You block something's attack.
You puncture the orc!
You feel the power of Trog in you as your rage grows.
You kill the orc!
Trog accepts your kill.
You miss something. Something completely misses you.
Something hits you but does no damage.
You are electrocuted!
You die...

###....######..... ..
#....#.......... ...
#....#..........
...######....#..........
#...........#..........
#...........#.......)..
#...o.......#..........
#.....).....#..........
#....$@{....#..........
#...........#..........
#...........#..........
.............#..........
########################


You could see an orc.

Vanquished Creatures
  Terence (D:2)
  6 adders
  A dart slug (D:3)
  A ribbon worm (D:2)
  2 orcs (D:3)
  5 endoplasms
  3 giant cockroaches (D:1)
  4 goblins
  A hobgoblin (D:1)
  4 jackals (D:1)
  3 kobolds
  A quokka (D:1)
  4 ball pythons
  2 bats
  4 frilled lizards
  5 rats
47 creatures vanquished.

Notes
Turn   | Place    | Note
-------+----------+-------------------------------------------
     0 | D:1      | Edyrem the Merfolk Berserker began the quest for the Orb.
     0 | D:1      | Reached XP level 1. HP: 18/18 MP: 1/1
   207 | D:1      | Reached XP level 2. HP: 24/24 MP: 2/2
   773 | D:2      | Reached XP level 3. HP: 25/29 MP: 3/3
   811 | D:2      | Reached skill level 1 in Shields
   989 | D:2      | Noticed Terence
  1003 | D:2      | Killed Terence
  1004 | D:2      | Reached XP level 4. HP: 37/37 MP: 4/4
  1191 | D:2      | Reached ** piety under Trog
  1411 | D:2      | Reached skill level 5 in Polearms
  1605 | D:3      | Reached XP level 5. HP: 40/40 MP: 5/5
  1619 | D:3      | Found a bloodstained altar of Trog.
  1691 | D:3      | HP: 2/61 [something (11)]
  1696 | D:3      | Demolished by an orc wizard

Illustrated notes

Levels and vault maps discovered:
D:1:      dpeg_arrival_rhombi, layout_loops_ring,
          chequers_serial_rivers_micro_b, chequers_big_river
D:2:      layout_loops_ring, corexii_corridor_pit, uniq_terence
D:3:      minmay_door_path, layout_basic, trog_book, old_standard_altar,
          lemuel_doored_altar, kennysheep_generic_room_16

Skill      XL: |  1  2  3  4 |
---------------+-------------+-----
Dodging        | 3 4 |  4.1
Shields        | 1 2 |  2.0
Fighting       | 4 |  4.2
Polearms       | 5 |  5.1
Armour         | |  1.3

Action                     |  1- 3 |  4- 6 || total
---------------------------+-------+-------++-------
  Melee: Spear             |   100 |   115 ||   215
 Invoke: Berserk           |     1 |     1 ||     2
 Armour: Animal skin       |    31 |       ||    31
         Ring mail         |    12 |       ||    12
         Scale mail        |       |    49 ||    49
  Dodge: Dodged            |    51 |    52 ||   103
  Block: Buckler           |    21 |    18 ||    39
